 Dungeon Crawl Stone Soup version 0.28.0-53-g5a82cb258f (webtiles) character file.

Game seed: 10582244489997700255

11356 safid the Cruncher (level 11, -4/66 HPs)
             Began as a Gargoyle Earth Elementalist on Aug 25, 2022.
             Was a Priest of Vehumet.
             Slain by a komodo dragon (20 damage)
             ... on level 2 of the Lair of Beasts.
             The game lasted 00:27:01 (15188 turns).

safid the Cruncher (Gargoyle Earth Elementalist)   Turns: 15188, Time: 00:27:01

Health: -4/66      AC: 15    Str: 11    XL:     11   Next: 76%
Magic:  20/32      EV: 16    Int: 21    God:    Vehumet [***...]
Gold:   602        SH:  0    Dex: 10    Spells: 10/26 levels left

rFire   . . .      SeeInvis +   d - staff of earth
rCold   . . .      Faith    .   (no shield)
rNeg    + + +      Spirit   .   s - +0 robe {rN+}
rPois   ∞          Reflect  .   l - +0 helmet
rElec   +          Harm     .   L - +1 cloak of Starlight {*Dazzle EV+4 Stlth--}
rCorr   .          Rampage  .   (no gloves)
Will    .....                   u - +1 pair of boots of Vosaul {rN+ MP+9 SInv}
Stlth   ..........              (no amulet)
HPRegen 0.21/turn               q - ring of wizardry
MPRegen 0.23/turn               (no ring)

@: no status effects
A: sickness immunity, AC +8, negative energy resistance 1, electricity
resistance, torment resistance 1, petrification resistance
a: Renounce Religion


You were on level 2 of the Lair of Beasts.
You worshipped Vehumet.
Vehumet was most pleased with you.
You visited 3 branches of the dungeon, and saw 13 of its levels.

You collected 615 gold pieces.
You spent 13 gold pieces at shops.

Inventory:

Missiles
 b - 21 poisoned darts
 c - 166 stones
 r - 6 javelins
 E - a curare-tipped dart
 H - 3 throwing nets
Armour
 l - a +0 helmet (worn)
 s - a +0 robe of positive energy (worn)
 u - the +1 pair of boots of Vosaul (worn) {rN+ MP+9 SInv}
   (You found it on level 5 of the Dungeon)

   rN:        It protects you from negative energy.
   MP:        It affects your magic capacity (+9).
   SInv:      It lets you see invisible.
 L - the +1 cloak of Starlight (worn) {*Dazzle EV+4 Stlth--}
   (You found it on level 10 of the Dungeon)

   It may blind those who miss an attack against the wearer in melee combat.
   EV:        It affects your evasion (+4).
   Stlth:     It makes you much less stealthy.
Magical Staves
 d - a staff of earth (weapon)
Jewellery
 m - a ring of flight
 q - a ring of wizardry (left hand)
 A - a ring of ice
Wands
 v - a wand of digging (6)
 z - a wand of flame (41)
 C - a wand of acid (5)
 I - a wand of polymorph (3)
 K - a wand of iceblast (5)
Scrolls
 f - a scroll of fog
 h - a scroll of blinking
 t - a scroll of teleportation
 x - a scroll of enchant armour
 y - 2 scrolls of brand weapon {unknown}
 D - a scroll of enchant weapon {unknown}
 F - a scroll of fear {unknown}
 G - 2 scrolls of magic mapping {unknown}
 J - a scroll of identify
Potions
 a - a potion of magic {unknown}
 e - a potion of attraction {unknown}
 g - 4 potions of flight {unknown}
 i - a potion of cancellation {unknown}
 j - 3 potions of curing {unknown}
 k - 6 potions of heal wounds {unknown}
 n - a potion of might {unknown}
 o - a potion of berserk rage {unknown}
 p - a potion of brilliance {unknown}
 w - a potion of ambrosia {unknown}
 B - 3 potions of resistance {unknown}
Miscellaneous
 M - a phial of floods


   Skills:
 + Level 6.4 Fighting
 - Level 12.0 Staves
 - Level 2.0 Dodging
 - Level 2.1 Stealth
 + Level 8.2 Spellcasting
 + Level 4.5 Conjurations
 - Level 1.0 Transmutations
 + Level 4.5 Fire Magic
 + Level 8.4 Earth Magic


You had 10 spell levels left.
You knew the following spells:

 Your Spells              Type           Power      Damage    Failure   Level
a - Sandblast             Erth           100%       2d20      1%          1
b - Stone Arrow           Conj/Erth      100%       3d13      1%          3
c - Fireball              Conj/Fire      13%        3d7       4%          5
d - Orb of Destruction    Conj           13%        9d7       63%         7

Your spell library contained the following spells:

 Spells                   Type           Power      Damage    Failure   Level
 Sticky Flame             Conj/Fire      27%        2d5       1%          4
 Passwall                 Tmut/Erth      35%        N/A       1%          2
 Petrify                  Tmut/Erth      42%        N/A       4%          4
 Iskenderun's Battlesphe  Conj           27%        2d8       4%          5
 Leda's Liquefaction      Hex/Erth       19%        N/A       6%          4
 Call Canine Familiar     Summ           8%         N/A       10%         3
 Portal Projectile        Hex/Tloc       16%        N/A       10%         3
 Tukima's Dance           Hex            8%         N/A       10%         3
 Anguish                  Hex/Necr       4%         N/A       30%         4
 Summon Ice Beast         Ice/Summ       8%         N/A       30%         4
 Conjure Ball Lightning   Conj/Air       9%         3x3d6     41%         6
 Summon Mana Viper        Hex/Summ       8%         N/A       61%         5
 Enfeeble                 Hex            4%         N/A       100%        7
 Monstrous Menagerie      Summ           4%         N/A       100%        7


Dungeon Overview and Level Annotations

Branches:
Dungeon (10/15)            Temple (1/1) D:4            Lair (2/6) D:10
  Swamp: Lair:2-4    Shoals: Lair:2-4     Snake: Lair:2-4    Spider: Lair:2-4
    Orc: D:9-12

Altars:
Ashenzari
Cheibriados
Dithmenos
Elyvilon
Fedhas
Gozag
Hepliaklqana
Kikubaaqudgha
Makhleb
Nemelex Xobeh
Okawaru
Qazlal
Ru
Sif Muna
Trog
Uskayaw
Vehumet
Wu Jian
Xom
Yredelemnul
Zin
The Shining One
Beogh

Shops:
D:3 (   D:4 (

Annotations:
D:8 4 runed translucent doors
D:9 1 runed translucent door, turdburglar's ghost, novice GnHu


Innate Abilities, Weirdness & Mutations

You are immune to sickness and miasma.
Your stone body is resilient. (AC +8)
You are immune to poison.
You resist negative energy. (rN+)
You are resistant to electric shocks. (rElec)
You are resistant to unholy torment.
You are immune to petrification.


Message History

Magic restored.
You climb downwards.
The komodo dragon bites you! The komodo dragon bites you!!
There is a stone staircase leading up here.
Casting: Stone Arrow (safe; 1% risk of failure)
Confirm with . or Enter, or press ? or * to list all spells.
Aiming: Stone Arrow (safe; 1% risk of failure)
Press: ? - help, Shift-Dir - straight line, f - komodo dragon
Aim: a komodo dragon (84% to hit)
You feel a surge of power!
The stone arrow hits the komodo dragon!
The komodo dragon is moderately wounded.
The komodo dragon bites you but does no damage.
The komodo dragon misses you.
Casting: Stone Arrow (safe; 1% risk of failure)
Confirm with . or Enter, or press ? or * to list all spells.
Aiming: Stone Arrow (safe; 1% risk of failure)
Press: ? - help, Shift-Dir - straight line, f/p - komodo dragon
Aim: a komodo dragon (moderately wounded, 84% to hit)
You feel a surge of power!
The stone arrow hits the komodo dragon!
The komodo dragon is heavily wounded.
The komodo dragon bites you. x2
Unknown command.
Casting: Stone Arrow (safe; 1% risk of failure)
Confirm with . or Enter, or press ? or * to list all spells.
Aiming: Stone Arrow (safe; 1% risk of failure)
Press: ? - help, Shift-Dir - straight line, f/p - komodo dragon
Aim: a komodo dragon (heavily wounded, 84% to hit)
You feel a surge of power!
The stone arrow hits the komodo dragon.
The komodo dragon is severely wounded.
The komodo dragon bites you!!
* * * LOW HITPOINT WARNING * * *
The komodo dragon misses you.
Casting: Stone Arrow (safe; 1% risk of failure)
Confirm with . or Enter, or press ? or * to list all spells.
Aiming: Stone Arrow (safe; 1% risk of failure)
Press: ? - help, Shift-Dir - straight line, f/p - komodo dragon
Aim: a komodo dragon (severely wounded, 84% to hit)
You feel a surge of power!
The stone arrow hits the komodo dragon!
The komodo dragon is almost dead.
The komodo dragon bites you!!
You die...

##.. #...
.....######
....#....#
#.......#
#.......#
##..)l#
#...@P#
#P....Pl#
#......#.#
#..[#..#.#..
#.. .#. .
... .. ####
.. .#.P . ..
# # ...


You could see 2 komodo dragons.

Vanquished Creatures
  Harold (D:9)
  An oklob plant (D:10)
  An ugly thing (D:8)
  A cane toad (Lair:1)
  Prince Ribbit (D:6)
  A polar bear (Lair:1)
  2 trolls
  A hornet (D:9)
  4 blink frogs (Lair:1)
  2 shadows
  A wraith (D:10)
  A vampire (D:10)
  4 wyverns
  Eustachio (D:5)
  9 yaks
  4 steam dragons (D:8)
  2 acid dragons
  4 water moccasins
  An ice beast (D:5)
  A black bear (D:8)
  7 orc warriors
  3 sky beasts
  A necrophage (D:6)
  4 ogres
  2 centaurs (D:8)
  3 kobold brigands
  3 wyvern zombies
  6 bullfrogs
  2 scorpions
  A water moccasin zombie (D:7)
  4 killer bees (D:10)
  11 wights
  3 centaur zombies
  A hound (D:4)
  2 bullfrog zombies
  A bullfrog skeleton (D:5)
  4 orc priests
  2 iguanas
  Ijyb (D:5)
  8 orc wizards
  A killer bee zombie (D:8)
  A howler monkey zombie (D:8)
  6 adders
  4 gnolls (D:4)
  A shadow imp (D:6)
  4 white imps
  An ufetubus (D:4)
  An adder skeleton (D:5)
  2 worms
  A dart slug (D:2)
  36 orcs
  8 endoplasms
  A giant cockroach (D:4)
  7 goblins
  5 hobgoblins
  4 jackals
  3 quokkas
  3 ball pythons
  7 bats
  4 frilled lizards
  6 kobolds
  4 rats
222 creatures vanquished.

Vanquished Creatures (others)
  2 orcs (D:8)
  4 plants
6 creatures vanquished.

Grand Total: 228 creatures vanquished

Notes
Turn   | Place    | Note
-------+----------+-------------------------------------------
     0 | D:1      | safid the Gargoyle Earth Elementalist began the quest for
                  | the Orb.
     0 | D:1      | Reached XP level 1. HP: 10/10 MP: 3/3
   188 | D:1      | Reached skill level 1 in Transmutations
   188 | D:1      | Reached XP level 2. HP: 5/16 MP: 3/5
  1188 | D:1      | Found a faded altar of an unknown god.
  1280 | D:2      | Reached skill level 1 in Fighting
  1437 | D:2      | Reached XP level 3. HP: 20/20 MP: 6/6
  2450 | D:2      | HP: 1/20 [worm (3)]
  2878 | D:3      | Found Qoukoalu's Weapon Emporium.
  2888 | D:3      | Reached skill level 1 in Staves
  2888 | D:3      | Reached XP level 4. HP: 9/26 MP: 3/7
  3104 | D:3      | Bought 11 stones for 13 gold pieces
  3313 | D:3      | Reached skill level 1 in Conjurations
  3370 | D:3      | Learned a level 3 spell: Stone Arrow
  3812 | D:4      | Reached XP level 5. HP: 14/30 MP: 3/8
  3991 | D:4      | Found Doipal Ceda's Antique Weapon Shop.
  4164 | D:3      | Reached skill level 2 in Staves
  4315 | D:4      | Reached XP level 6. HP: 11/36 MP: 3/10
  5035 | D:4      | Reached skill level 5 in Earth Magic
  5264 | D:4      | Found a staircase to the Ecumenical Temple.
  5270 | Temple   | Entered the Ecumenical Temple
  5305 | Temple   | Became a worshipper of Vehumet
  5634 | D:5      | Entered Level 5 of the Dungeon
  5637 | D:5      | Identified the +1 pair of boots of Vosaul {rN+ MP+9 SInv}
  5810 | D:5      | Reached XP level 7. HP: 41/41 MP: 12/12
  5816 | D:5      | Learned a level 5 spell: Fireball
  5857 | D:5      | Noticed Eustachio
  5864 | D:5      | Killed Eustachio
  5865 | D:5      | Reached skill level 3 in Staves
  5914 | D:5      | Reached skill level 1 in Fire Magic
  6001 | D:5      | Noticed Ijyb
  6004 | D:5      | Killed Ijyb
  6005 | D:5      | Reached XP level 8. HP: 48/48 MP: 8/13
  6582 | D:6      | Noticed Prince Ribbit
  6885 | D:6      | Killed Prince Ribbit
  6886 | D:6      | Reached skill level 4 in Staves
  7825 | D:7      | Reached skill level 5 in Fighting
  8010 | D:7      | Reached XP level 9. HP: 54/54 MP: 16/16
  8691 | D:8      | Reached skill level 5 in Spellcasting
  9000 | D:8      | Reached skill level 5 in Staves
  9384 | D:8      | Reached * piety under Vehumet
  9384 | D:8      | Offered knowledge of Shock by Vehumet.
  9607 | D:8      | Reached skill level 6 in Staves
  9699 | D:8      | Reached XP level 10. HP: 42/60 MP: 19/19
  9795 | D:8      | Learned a level 7 spell: Orb of Destruction
 10227 | D:8      | Reached skill level 7 in Staves
 10661 | D:8      | Found a large runed translucent door.
 10661 | D:8      | Found a large runed translucent door.
 10668 | D:8      | Noticed an unseen horror
 10669 | D:8      | Noticed a gargoyle
 10834 | D:8      | Noticed a purple ugly thing
 10841 | D:8      | Killed a purple ugly thing
 11117 | D:8      | Found a large runed translucent door.
 11117 | D:8      | Found a large runed translucent door.
 11534 | D:8      | Reached skill level 8 in Staves
 11885 | D:9      | Reached ** piety under Vehumet
 12151 | D:9      | Noticed Harold
 12156 | D:9      | Killed Harold
 12156 | D:9      | Offered knowledge of Freeze by Vehumet.
 12157 | D:9      | Reached skill level 9 in Staves
 12548 | D:9      | Reached XP level 11. HP: 52/64 MP: 20/23
 12626 | D:9      | Found a runed translucent door.
 12626 | D:9      | Noticed turdburglar's ghost (novice GnHu)
 12827 | D:9      | Reached skill level 10 in Staves
 13121 | D:9      | Offered knowledge of Scorch by Vehumet.
 13287 | D:10     | Entered Level 10 of the Dungeon
 13382 | D:10     | Found the +1 cloak of Starlight {*Dazzle EV+4 Stlth--}
 13519 | D:10     | Reached *** piety under Vehumet
 13590 | D:10     | Found a broken altar of Ashenzari.
 13614 | D:10     | Reached skill level 11 in Staves
 13765 | D:10     | Found a staircase to the Lair.
 13765 | D:10     | Noticed an oklob plant
 13769 | D:10     | Killed an oklob plant
 14127 | Lair:1   | Entered Level 1 of the Lair of Beasts
 14389 | Lair:1   | Reached skill level 12 in Staves
 14740 | Lair:1   | Offered knowledge of Sticky Flame by Vehumet.
 15188 | Lair:2   | Slain by a komodo dragon

Illustrated notes

Levels and vault maps discovered:
D:1:      sevenhm_arrival_forest_fort_small_5, layout_loops_ring,
          shapermc_ecumenical_altar_hornbeckon, minmay_misc_feat_more_columns,
          grunt_decor_one_mirror
D:2:      layout_basic, guppyfry_early_lair_pool
D:3:      layout_rooms, serial_shops, shop
D:4:      layout_cave_pools, minmay_temple_entry_enclosed_plants, serial_shops,
          nicolae_shop_behind_doors
D:5:      layout_basic, uniq_eustachio, uniq_ijyb
D:6:      nicolae_cairo_tiling_large, layout_basic, uniq_prince_ribbit1
D:7:      layout_rooms
D:8:      minmay_four_partial_circles, layout_gridville,
          minmay_hollow_rounded_squares
D:9:      layout_loops_ring, special_room [special_room_orc],
          gammafunk_ghost_grave, uniq_harold
D:10:     layout_rooms, overflow_temple_1_default, dpeg_oklobed_lair
Temple:   nicolae_temple_the_god_donut
Lair:1:   layout_roguey, st_stairs_8, grunt_megastairs_5,
          infiniplex_staircase_pool_2
Lair:2:   layout_concentric_octagons, hibernation_bobbens, serial_bayou_shore_a

Skill      XL: |  1  2  3  4  5  6  7  8  9 10 11 |
---------------+----------------------------------+-----
Transmutations | 1 |  1.0
Fighting       | 1 2 3 5 6 |  6.4
Earth Magic    | 4 5 6 8 |  8.4
Dodging        | 2 |  2.0
Staves         | 1 2 3 4 6 9 12 | 12.0
Conjurations   | 1 2 3 4 |  4.5
Spellcasting   | 3 4 6 8 |  8.2
Fire Magic     | 1 3 4 |  4.5
Stealth        | |  2.1

Action                   |  1- 3 |  4- 6 |  7- 9 | 10-12 || total
-------------------------+-------+-------+-------+-------++-------
Melee: Unarmed           |    18 |       |       |       ||    18
       Staff             |    82 |   115 |    28 |   160 ||   385
       Punch             |       |     1 |       |     3 ||     4
 Cast: Sandblast         |    20 |     9 |     1 |       ||    30
       Stone Arrow       |       |    27 |    92 |   177 ||   296
  Use: Scroll            |       |       |     8 |       ||     8
 Stab: Sleeping          |     5 |     3 |       |       ||     8
Armor: Robe              |    40 |    51 |    17 |    85 ||   193
Dodge: Dodged            |    93 |    76 |    25 |   135 ||   329
